Map: At Eternity's Edge LE

Players

반포골드핑거 - Winner!

  • Race: Zerg Zerg
  • League: Master

SialicAcid

  • Race: Terran Terran
  • League: Diamond

VOD

Have the link to the VOD?

Description

Time

  • Played on: Sept. 23, 2026, 5:07 p.m.
  • Length: 5:55
Show
View Real Time Build Order
Export as new Build Order

반포골드핑거 Zerg - Winner!

Build Orders: Hatch First 

Get SALT Encoding   

  12  0:00  Drone  
  13  0:12  Overlord  
  13  0:18  Drone  
  14  0:32  Drone x2  
  16  0:37  Drone  
  17  0:50  Hatchery  
  17  0:53  Drone  
  17  0:56  Drone  
  18  1:08  Extractor  
  18  1:10  Spawning Pool  
  16  1:13  Drone  
  16  1:18  Drone  
  18  1:28  Drone  
  19  1:39  Drone  
  20  1:50  Drone  
  21  2:01  Queen  
  21  2:02  Queen  
  21  2:03  Zergling x4  
  27  2:11  Overlord  
  27  2:25  Metabolic Boost  
  23  2:33  Zergling x2  
  24  2:45  Drone  
  24  2:49  Drone x2  
  27  2:56  Drone  
  28  2:59  Overlord  
  27  3:11  Drone  
  27  3:12  Overlord  
  28  3:18  Drone x3  
  28  3:19  Drone  
  32  3:24  Overlord  
  32  3:27  Drone x2  
  32  3:29  Drone  
  32  3:31  Drone  
  36  3:42  Overlord x2  
  36  3:50  Drone x4  
  40  3:58  Drone  
  40  3:59  Baneling Nest  
  40  4:03  Zergling x2  
  41  4:12  Drone  
  41  4:14  Zergling x4  
  44  4:18  Hatchery  
  44  4:20  Zergling x2  
  44  4:21  Zergling x6  
  47  4:30  Zergling x6  
  50  4:33  Overlord  
  50  4:43  Zergling x4  
  51  4:52  Zergling x2  
  51  4:56  Zergling x2  
  51  4:57  Zergling x10  
  57  5:01  Baneling  
  57  5:02  Baneling x9  
  57  5:04  Zergling x2  
  58  5:10  Overlord x2  
  58  5:12  Queen  
  58  5:13  Queen  
  62  5:16  Zergling x2  
  57  5:38  Zergling x18  
Show
View Real Time Build Order
Export as new Build Order

SialicAcid Terran 

Build Orders:  

Get SALT Encoding   

  12  0:00  SCV  
  13  0:12  SCV  
  14  0:19  Supply Depot  
  14  0:24  SCV  
  15  0:42  Barracks  
  15  0:47  SCV  
  16  0:55  Barracks  
  16  1:01  SCV  
  17  1:06  Refinery  
  17  1:14  SCV  
  18  1:28  Orbital Command  
  18  1:29  Marine  
  19  1:43  Marine  
  19  1:47  Marine  
  20  1:49  Bunker  
  20  1:53  Supply Depot  
  21  1:56  SCV  
  21  2:01  Marine  
  23  2:14  Marine  
  23  2:25  Marine  
  23  2:37  SCV  
  23  2:38  Supply Depot  
  23  2:41  Command Center  
  23  2:49  SCV  
  22  3:02  Refinery  
  22  3:05  Command Center  
  21  3:13  SCV  
  22  3:25  SCV  
  23  3:27  Factory  
  23  3:38  SCV  
  24  3:42  Bunker  
  24  3:43  Supply Depot  
  24  3:50  SCV  
  25  4:03  SCV  
  26  4:12  Factory Reactor  
  26  4:15  SCV, Marine, Starport  
  28  4:20  Orbital Command  
  28  4:22  Orbital Command  
  28  4:26  Barracks Reactor  
  28  4:27  SCV  
  29  4:33  Marine  
  29  4:35  Engineering Bay x2  
  30  4:40  SCV  
  31  4:49  SCV x2  
  33  4:55  Barracks Tech Lab  
  34  5:00  SCV  
  34  5:01  SCV x2  
  34  5:07  Marine x2  
  36  5:12  SCV  
  36  5:13  SCV  
  40  5:15  Marine  
  41  5:22  Barracks  
  41  5:24  Marine  
  41  5:26  SCV x2  
Tags
 
Add a new tag
Caveats
  • Supply blocks, unpowered buildings, or Contaminate may cause inaccurate times.
  • Supply counts are checked every 10 seconds.